AoeStats
← Chris77A

Black Forest

507516854Analyzed
2v2 RM · 15d ago on Sep 18, 2026· 27m 4s· 4 players
Game mode
Random Map
Map size
Medium (4 player)
Population
200
Speed
Normal
Resources
Standard
Victory
Conquest
Starting age
Dark Age
Ending age
Imperial Age
RankedLock teamsTeams togetherTeam positionsShared explorationLock speedFull tech treeHidden civsTurbo modeCheats
Victory
Defeat
🇬🇧 Bohemians · United Kingdom
1349
+13
🇬🇧 Teutons · United Kingdom
1273
+16
🇨🇴 Romans · Colombia
1363
-19
🇸🇰 Khmer · Slovakia
1174
-10
Chris77A
0:34 Loom
13:29 Feudal Age
19:46 Castle Age
17:37 Double-Bit Axe
18:38 Horse Collar
23:24 Wheelbarrow
23:25 Fishing Lines
23:32 Fishing Lines
24:28 Bow Saw
25:28 Hand Cart
DrunkMonk
3:13 Loom
13:55 Feudal Age
14:36 Double-Bit Axe
16:03 Forging
19:15 Horse Collar
22:43 Castle Age
23:38 Bow Saw
25:44 Chemistry
26:42 Wheelbarrow
Rado
2:31 Loom
16:07 Feudal Age
19:01 Castle Age
19:08 Bloodlines
19:36 Double-Bit Axe
19:36 Horse Collar
20:44 Bow Saw
21:57 Forging
23:49 Heavy Plow
25:59 Iron Casting
27:05 Caravan
SMNT - KMUS
0:44 Loom
18:07 Feudal Age
19:09 Double-Bit Axe
21:55 Castle Age
19:27 Man-at-Arms
20:14 Scale Mail Armor
20:14 Horse Collar
Connection lost

Rejoining the realm…

Still unreachable

The connection could not be restored.

Session expired

The server has moved on; the page needs a fresh start.